 Dungeon Crawl Stone Soup version 0.21.1-1-g345015f (webtiles) character file.

7181 JeffiDaFish the Geomancer (level 11, -9/64 HPs)
             Began as a Gargoyle Earth Elementalist on Feb 10, 2018.
             Was an Elder of Vehumet.
             Mangled by Gastronok (25 damage)
             ... on level 8 of the Dungeon on Feb 11, 2018.
             The game lasted 00:31:39 (8238 turns).

JeffiDaFish the Geomancer (GrEE)                    Turns: 8238, Time: 00:31:40

Health: -9/64      AC: 15    Str: 18    XL:     11   Next: 11%
Magic:  1/24       EV: 14    Int: 18    God:    Vehumet [****..]
Gold:   245        SH:  0    Dex: 12    Spells: 8/28 levels left

rFire    . . .     SeeInvis .   l - +1 rapier (holy)
rCold    + . .     Gourm    .   (no shield)
rNeg     + . .     Faith    .   s - +1 robe {rC+}
rPois    ∞         Spirit   .   i - +1 helmet
rElec    +         Reflect  .   (no cloak)
rCorr    +         Harm     .   k - +0 pair of gloves
MR       .....                  (no boots)
Stlth    ++........             (no amulet)
HPRegen  0.20/turn              n - ring of resist corrosion
MPRegen  0.19/turn              r - ring of wizardry

@: mighty, slowed, very slow
A: agile 1, negative energy resistance 1, shaggy fur 1, electricity resistance,
unbreathing, petrification resistance, rot immunity, AC +8
a: Renounce Religion


You were on level 8 of the Dungeon.
You worshipped Vehumet.
Vehumet was greatly pleased with you.
You were not hungry.

You visited 2 branches of the dungeon, and saw 9 of its levels.
You also visited: Ossuary.

You collected 410 gold pieces.
You spent 165 gold pieces at shops.

Inventory:

Hand Weapons
 l - a +1 rapier of holy wrath (weapon)
Missiles
 b - 56 stones (quivered)
Armour
 i - a +1 helmet (worn)
 k - a +0 pair of gloves (worn)
 s - a +1 robe of cold resistance (worn)
Jewellery
 g - an uncursed amulet of regeneration {unknown}
 n - a ring of resist corrosion (left hand)
 r - a ring of wizardry (right hand)
Wands
 a - a wand of disintegration (10)
 j - a wand of polymorph (19)
Scrolls
 h - 7 scrolls of teleportation
 m - a scroll of remove curse
 q - a scroll of fog
Potions
 f - 5 potions of curing
 p - 2 potions of brilliance
 t - 2 potions of magic
Books
 c - a book of Minor Magic

   Spells                             Type                      Level
   a - Magic Dart                     Conjuration                  1
   b - Blink                          Translocation                2
   c - Call Imp                       Summoning                    2
   d - Slow                           Hexes                        2
   e - Conjure Flame                  Conjuration/Fire             3
   f - Mephitic Cloud                 Conjuration/Poison/Air       3
 e - a book of Geomancy

   Spells                             Type                      Level
   a - Sandblast                      Earth                        1
   b - Passwall                       Transmutation/Earth          2
   c - Stone Arrow                    Conjuration/Earth            3
   d - Petrify                        Transmutation/Earth          4
   e - Lee's Rapid Deconstruction     Earth                        5
 w - a book of Necromancy

   Spells                             Type                      Level
   a - Pain                           Necromancy                   1
   b - Animate Skeleton               Necromancy                   1
   c - Vampiric Draining              Necromancy                   3
   d - Regeneration                   Charms/Necromancy            3
   e - Animate Dead                   Necromancy                   4
   f - Borgnjor's Vile Clutch         Necromancy/Earth             5
Comestibles
 d - 5 rations
 u - 2 chunks of flesh


   Skills:
 - Level 5.6 Fighting
 * Level 5.3 Dodging
 - Level 2.2 Stealth
 * Level 9.3 Spellcasting
 + Level 6.4 Conjurations
   Level 0.7 Transmutations
 + Level 11.4 Earth Magic


You had 8 spell levels left.
You knew the following spells:

 Your Spells              Type           Power        Failure   Level  Hunger
a - Sandblast             Erth           #####.       1%          1    None
b - Stone Arrow           Conj/Erth      #####.       1%          3    None
c - Blink                 Tloc           N/A          5%          2    None
d - Mephitic Cloud        Conj/Pois/Air  ###.....     1%          3    None
e - Lee's Rapid Deconstr  Erth           #####.....   1%          5    #####..
f - Inner Flame           Hex/Fire       #.......     3%          3    None
g - Regeneration          Chrm/Necr      #.........   11%         3    None


Dungeon Overview and Level Annotations

Branches:
Dungeon (8/15)             Temple (1/1) D:4
   Lair: D:8-11

Altars:
Ashenzari
Cheibriados
Dithmenos
Elyvilon
Fedhas
Gozag
Hepliaklqana
Nemelex Xobeh
Okawaru
Qazlal
Ru
Sif Muna
Trog
Uskayaw
Vehumet
Wu Jian
Xom
Yredelemnul
Zin
The Shining One

Shops:
D:6 !

Annotations:
D:8 Gastronok


Innate Abilities, Weirdness & Mutations

You are resistant to torment.
Your stone body is resilient. (AC +8)
You are immune to poison.
You resist negative energy. (rN+)
You are resistant to electric shocks. (rElec)
You can survive without breathing.
You are immune to petrification.
You are immune to rotting.
You are agile. (Dex +2)
You are covered in fur. (AC +1)


Message History

Press: ? - help, Shift-Dir - straight line, f/p - Gastronok
Aim: Gastronok, wearing a glowing hat (severely wounded)
The blast of sand hits Gastronok.
Gastronok is severely wounded.
b - 56 stones Gastronok chants a spell, wobbling all the while.
You hit Gastronok.
Gastronok is severely wounded.
The river rat misses you.
Gastronok waves his eye-stalks in wide circles.
The air twists around and strikes you!
* * * LOW HITPOINT WARNING * * *
You hit Gastronok but do no damage.
Gastronok is severely wounded.
The river rat closely misses you. The quokka barely misses you.
The river rat barely misses you.
The quokka bites you but does no damage.
You feel very mighty all of a sudden. The quokka barely misses you.
The river rat misses you. Gastronok bites you!!
You die...

######.. # ######
##...##w####.. ##..###
#.........'... #....#.
#.........# #....#.
#.........# #....#.
##...##...# #....#)
##...##...# #....#.
#...rw#...# #....#.
#...r@#...# #....#.
#.....#...# ###..##
#.....#...########..##
##..)##...)...........
#'####...)...........
).. #................
#... #.............>..
#.. #..........##....
#..........######


You could see Gastronok, a river rat and a quokka.

Vanquished Creatures
  2 two-headed ogres (D:8)
  The ghost of FlobFlarker2 the Sneak, a novice NaVM of Cheibriados (D:8)
  The ghost of FangTR18 the Destroyer, a novice DECj (D:6)
  Prince Ribbit (D:8)
  A hippogriff (D:7)
  Grinder (D:6)
  Sigmund (D:2)
  Eustachio (D:6)
  A sky beast (D:5)
  2 orc warriors (D:8)
  A phantom (D:4)
  7 ogres
  A necrophage (D:4)
  6 centaurs
  Blork the orc (D:6)
  2 bullfrogs
  4 elf zombies (Ossuary)
  3 scorpions
  A water moccasin skeleton (D:7)
  7 killer bees
  10 wights
  A howler monkey (D:5)
  2 centaur zombies
  3 crimson imps
  2 human zombies (Ossuary)
  2 jellies
  4 hounds
  5 orc priests
  2 bullfrog skeletons (D:5)
  A centaur skeleton (D:4)
  An iguana (D:8)
  6 orc wizards
  5 worker ants
  A killer bee zombie (D:4)
  2 big kobold zombies (Ossuary)
  A hound skeleton (D:7)
  3 mummies (Ossuary)
  9 adders
  A howler monkey skeleton (D:2)
  A shadow imp (D:6)
  4 adder zombies (Ossuary)
  An adder skeleton (D:7)
  4 worms
  A dart slug (D:1)
  7 leopard geckos
  38 orcs
  7 giant cockroaches
  6 goblins
  4 hobgoblins
  8 jackals
  10 kobolds
  5 quokkas
  3 bats
  3 frilled lizards
  6 goblin zombies
  2 hobgoblin zombies (Ossuary)
  A jackal skeleton (D:4)
  A jackal zombie (Ossuary)
  5 kobold zombies (Ossuary)
  3 orc zombies (Ossuary)
  A quokka zombie (Ossuary)
  4 rats
  5 rat zombies
236 creatures vanquished.

Notes
Turn   | Place    | Note
-------+----------+-------------------------------------------
     0 | D:1      | JeffiDaFish the Gargoyle Earth Elementalist began the quest for the Orb.
     0 | D:1      | Reached XP level 1. HP: 10/10 MP: 3/3
   287 | D:1      | Reached XP level 2. HP: 12/15 MP: 5/5
   299 | D:1      | Reached skill level 4 in Earth Magic
   778 | D:2      | Reached XP level 3. HP: 17/19 MP: 6/6
   915 | D:2      | Noticed Sigmund
   928 | D:2      | Learned a level 3 spell: Stone Arrow
   949 | D:2      | Killed Sigmund
   949 | D:2      | Reached skill level 5 in Earth Magic
   949 | D:2      | Reached XP level 4. HP: 23/24 MP: 0/9
   949 | D:2      | Reached XP level 5. HP: 27/28 MP: 0/10
  1736 | D:3      | Reached skill level 6 in Earth Magic
  1736 | D:3      | Reached XP level 6. HP: 24/32 MP: 6/12
  2831 | D:4      | Noticed a phantom
  2842 | D:4      | Killed a phantom
  2842 | D:4      | Reached skill level 5 in Spellcasting
  2842 | D:4      | Reached skill level 7 in Earth Magic
  2842 | D:4      | Reached XP level 7. HP: 36/36 MP: 6/14
  3417 | D:4      | Found a staircase to the Ecumenical Temple.
  3427 | Temple   | Entered the Ecumenical Temple
  3478 | Temple   | Became a worshipper of Vehumet
  3775 | D:4      | Reached skill level 8 in Earth Magic
  3855 | D:4      | Found a sparkling altar of Nemelex Xobeh.
  3857 | D:4      | Reached XP level 8. HP: 37/41 MP: 14/16
  4113 | D:5      | Entered Level 5 of the Dungeon
  4138 | D:5      | Reached * piety under Vehumet
  4138 | D:5      | Offered knowledge of Magic Dart by Vehumet.
  4223 | D:5      | Reached skill level 9 in Earth Magic
  4812 | D:5      | Found a snail-covered altar of Cheibriados.
  4815 | D:5      | Found a shadowy altar of Dithmenos.
  4818 | D:5      | Found a shattered altar of Ashenzari.
  4838 | D:5      | Found a shimmering altar of Xom.
  4876 | D:5      | Reached skill level 10 in Earth Magic
  4887 | D:5      | Learned a level 2 spell: Blink
  4891 | D:5      | Learned a level 3 spell: Mephitic Cloud
  4950 | D:6      | Reached XP level 9. HP: 41/45 MP: 12/20
  4977 | D:6      | Learned a level 5 spell: Lee's Rapid Deconstruction
  5013 | D:6      | Reached skill level 1 in Conjurations
  5035 | D:6      | Reached skill level 1 in Fighting
  5265 | D:6      | Noticed Grinder
  5271 | D:6      | Killed Grinder
  5424 | D:6      | Offered knowledge of Flame Tongue by Vehumet.
  5599 | D:6      | Found Wufed's Distillery.
  5605 | D:6      | Bought a potion of brilliance for 44 gold pieces
  5605 | D:6      | Bought a potion of magic for 88 gold pieces
  5605 | D:6      | Bought a potion of curing for 33 gold pieces
  5648 | D:6      | Noticed Blork the orc
  5654 | D:6      | Killed Blork the orc
  5654 | D:6      | Reached ** piety under Vehumet
  5891 | D:6      | Noticed FangTR18's ghost (novice DECj)
  5895 | D:6      | Killed FangTR18's ghost
  5977 | D:6      | Noticed Eustachio
  5991 | D:6      | Killed Eustachio
  6080 | D:7      | Found a sand-covered staircase.
  6096 | Ossuary  | Entered an ossuary
  6198 | Ossuary  | Offered knowledge of Inner Flame by Vehumet.
  6206 | Ossuary  | Learned a level 3 spell: Inner Flame
  6263 | Ossuary  | Reached skill level 5 in Conjurations
  6263 | Ossuary  | Reached XP level 10. HP: 26/56 MP: 22/22
  6485 | Ossuary  | Reached *** piety under Vehumet
  6924 | D:7      | Offered knowledge of Olgreb's Toxic Radiance by Vehumet.
  7129 | D:7      | Gained mutation: You are covered in fur. (AC +1) [potion of mutation]
  7129 | D:7      | Gained mutation: You are agile. (Dex +2) [potion of mutation]
  7610 | D:8      | Reached **** piety under Vehumet
  7620 | D:8      | Offered knowledge of Lightning Bolt by Vehumet.
  7666 | D:8      | Noticed a two-headed ogre
  7671 | D:8      | Reached skill level 11 in Earth Magic
  7741 | D:8      | Noticed Prince Ribbit
  7744 | D:8      | Killed Prince Ribbit
  7744 | D:8      | Reached skill level 5 in Fighting
  7815 | D:8      | Killed a two-headed ogre
  8072 | D:8      | Learned a level 3 spell: Regeneration
  8074 | D:8      | Found a hazy altar of Hepliaklqana.
  8084 | D:8      | Noticed FlobFlarker2's ghost (novice NaVM)
  8094 | D:8      | Killed FlobFlarker2's ghost
  8094 | D:8      | Reached skill level 5 in Dodging
  8094 | D:8      | Reached XP level 11. HP: 61/64 MP: 12/24
  8206 | D:8      | Noticed a two-headed ogre
  8212 | D:8      | Noticed Gastronok
  8212 | D:8      | Killed a two-headed ogre
  8238 | D:8      | Mangled by Gastronok

Skill      XL: |  1  2  3  4  5  6  7  8  9 10 |
---------------+-------------------------------+-----
Earth Magic    | 4 5 6 7 8 10 11 | 11.4
Spellcasting   | 3 4 5 7 8 9 |  9.3
Conjurations   | 5 6 |  6.4
Fighting       | 3 5 |  5.6
Dodging        | 3 5 |  5.3
Stealth        | |  2.2
Transmutations | |  0.7

Action                   |  1- 3 |  4- 6 |  7- 9 | 10-12 || total
-------------------------+-------+-------+-------+-------++-------
Melee: Short sword       |    42 |       |       |       ||    42
       Unarmed           |     7 |       |       |       ||     7
       Scythe            |       |   102 |       |       ||   102
       Rapier            |       |    18 |   277 |   141 ||   436
 Cast: Sandblast         |    12 |    37 |    95 |    37 ||   181
       Stone Arrow       |     1 |     2 |    44 |    41 ||    88
       Blink             |       |       |     5 |     4 ||     9
       Lee's Rapid Decon |       |       |     2 |    13 ||    15
       Mephitic Cloud    |       |       |     1 |     7 ||     8
       Inner Flame       |       |       |       |     1 ||     1
  Use: Potion            |     3 |     1 |     3 |     4 ||    11
       Scroll            |     3 |     4 |     4 |     5 ||    16
 Stab: Sleeping          |     2 |     3 |     1 |       ||     6
       Confused          |       |       |     1 |       ||     1
       Distracted        |       |       |       |     2 ||     2
  Eat: Chunk             |       |     7 |    12 |     7 ||    26
       Ration            |       |       |       |     1 ||     1
Armor: Robe              |     6 |    91 |   172 |   101 ||   370
Dodge: Dodged            |    41 |   141 |   248 |   177 ||   607
